 Dungeon Crawl Stone Soup version 0.21-a0-538-gd16b88a (webtiles) character file.

8 theanonym the Skirmisher (level 2, 21/24 HPs)
             Began as a Demonspawn Monk on Dec 16, 2017.
             Quit the game on level 1 of the Dungeon.
             The game lasted 00:00:33 (542 turns).

theanonym the Skirmisher (Demonspawn Monk)           Turns: 542, Time: 00:00:34

Health: 21/24      AC:  3    Str: 11    XL:     2   Next: 0%
Magic:  2/2        EV: 12    Int: 11    God:
Gold:   13         SH:  0    Dex: 17    Spells: 1/1 levels left

rFire    . . .     SeeInvis .     - Unarmed
rCold    . . .     Gourm    .   (no shield)
rNeg     . . .     Faith    .   f - +0 leather armour {4}
rPois    .         Spirit   .   (no helmet)
rElec    .         Reflect  .   (no cloak)
rCorr    .         Harm     .   (no gloves)
MR       .....                  (no boots)
Stlth    ++........             (no amulet)
HPRegen  0.08/turn              (no ring)
MPRegen  0.08/turn              (no ring)

@: no status effects
A: thin skeletal structure 1
a: no special abilities


Innate Abilities, Weirdness & Mutations

You have a somewhat thin skeletal structure. (Dex +2, Stealth)


   Skills:
 + Level 3.2 Fighting
 - Level 2.6 Dodging
 - Level 1.7 Stealth
 * Level 3.0 Unarmed Combat


You had one spell level left.
You didn't know any spells.

Skill      XL: |  1 |
---------------+----+-----
Unarmed Combat | 3 |  3.0
Fighting       | |  3.2
Dodging        | |  2.6
Stealth        | |  1.7

Action                   || total
-------------------------++-------
Melee: Unarmed           ||    31
 Stab: Sleeping          ||     1
Armor: Robe              ||     1
       Leather armour    ||     1
Dodge: Dodged            ||    17

Inventory:

Armour
 a - a +0 robe {0}
 f - a +0 leather armour (worn) {4}
   (You found it on level 1 of the Dungeon)
Scrolls
 b - 2 scrolls of teleportation {unknown}
 c - a scroll of identify {unknown}
 d - a scroll of enchant armour {unknown}
 g - 2 scrolls of blinking {unknown}
Potions
 i - a potion of berserk rage {unknown}
Comestibles
 e - 2 bread rations
 h - 4 chunks of flesh


You were on level 1 of the Dungeon.
You were not hungry.

You visited 1 branch of the dungeon, and saw 1 of its levels.

You collected 13 gold pieces.

Dungeon Overview and Level Annotations

Branches:
Dungeon (1/15)

Altars:


Message History

You hit the hobgoblin. The hobgoblin misses you.
You completely miss the hobgoblin. The hobgoblin closely misses you.
You hit the hobgoblin. The hobgoblin hits you with a club.
You take 2 damage, and have 16/18 hp.
You closely miss the hobgoblin. You hit the hobgoblin.
The hobgoblin hits you with a club.
You take 3 damage, and have 13/18 hp.
You barely miss the hobgoblin. The hobgoblin hits you with a club.
You take 3 damage, and have 10/18 hp.
You barely miss the hobgoblin. The hobgoblin hits you with a club!
* * * LOW HITPOINT WARNING * * *
You take 7 damage, and have 3/18 hp.
MASSIVE DAMAGE!!
You are too injured to fight recklessly!
You are too injured to fight recklessly!
You are too injured to fight recklessly!
You hit the hobgoblin but do no damage. The hobgoblin misses you.
You hit the hobgoblin.
You kill the hobgoblin!
You hit the rat.
You kill the rat!
You start resting.
You regained 10 hp, and now have 13/18 hp.
You start resting.
All of the chunks of flesh in your inventory have rotted away.
Health restored: 18
Found 18 sling bullets.
Things that are here:
a club; a hobgoblin skeleton As you open the door, it creaks loudly!
Found 17 bolts.
There is an open door here.
You now have 13 gold pieces.
d - a scroll labeled WALIHO PURCHAOC You open the door.
There is an open door here.
Found 3 javelins.
You see here 3 javelins.
A hobgoblin comes into view. It is wielding a club.
The hobgoblin shouts!
Found a leather armour.
The hobgoblin barely misses you.
You hit the hobgoblin but do no damage. Your punch misses the hobgoblin.
You hit the hobgoblin. The hobgoblin hits you with a club.
You take 2 damage, and have 16/18 hp.
You completely miss the hobgoblin. The hobgoblin barely misses you.
You hit the hobgoblin but do no damage.
The hobgoblin hits you but does no damage.
You barely miss the hobgoblin. The hobgoblin hits you with a club.
You take 3 damage, and have 14/18 hp.
You hit the hobgoblin.
You kill the hobgoblin!
Your Unarmed Combat skill increases to level 3!
No target in view!
No target in view!
No target in view!
Found a scroll labeled AFIYFIUNAD.
You see here a leather armour {4}.
f - a leather armour {4} Wear which item? (? for menu, Esc to quit)
You start removing your armour.
You continue taking off your +0 robe {0}. x4
You finish taking off your +0 robe {0}.
You start putting on your armour.
You continue putting on your leather armour {4}. x5
You finish putting on your +0 leather armour {4}.
You start resting.
Health restored: 18
g - a scroll labeled AFIYFIUNAD A ball python comes into view.
A ball python is nearby!
A ball python is nearby!
A ball python is nearby!
The ball python hisses angrily.
The ball python completely misses you. The ball python barely misses you.
You hit the ball python.
You kill the ball python!
No target in view!
No target in view!
No target in view!
You butcher the ball python corpse.
h - 4 chunks of flesh
b - 2 scrolls labeled FAIBOBR ROUHAE (gained 1)
i - a fizzy golden potion
g - 2 scrolls labeled AFIYFIUNAD (gained 1)
Found a robe.
Found a stone staircase leading down.
A rat comes into view.
The rat bites you but does no damage.
You completely miss the rat. The rat bites you.
You take 2 damage, and have 16/18 hp.
You hit the rat but do no damage. The rat misses you.
You hit the rat. You barely miss the rat. The rat closely misses you.
You hit the rat.
You kill the rat!
You have reached level 2!
Your demonic ancestry asserts itself...
Your bones become slightly less dense.
You regained 5 hp, and now have 21/24 hp.
MP restored: 2

#.# #.# #.#.# #.# #.#[#
#.# #.#.# #.# #.#.# #.#
#.#.# ##.###
#.#.############.
.....###.#.##...@†......
...................>####
##.....#.#.##.#...#.#
##.....#.#.##.#.#.# #
##.....#.#......#.#
##.....#........#.#
##.....#........#.#
.#.#+###........#.# .#.#
#........+


There were no monsters in sight!

Notes
Turn   | Place    | Note
-------+----------+-------------------------------------------
     0 | D:1      | theanonym the Demonspawn Monk began the quest for the Orb.
     0 | D:1      | Reached XP level 1. HP: 18/18 MP: 1/1
   108 | D:1      | HP: 3/18 [hobgoblin/club (7)]
   436 | D:1      | Reached skill level 3 in Unarmed Combat
   541 | D:1      | Gained mutation: You have a somewhat thin skeletal structure. (Dex +2, Stealth) [demonic ancestry]
   541 | D:1      | Reached XP level 2. HP: 21/24 MP: 2/2
   542 | D:1      | Quit the game

Vanquished Creatures
  A giant cockroach (D:1)
  2 hobgoblins (D:1)
  A ball python (D:1)
  A bat (D:1)
  A frilled lizard (D:1)
  A goblin (D:1)
  2 rats (D:1)
9 creatures vanquished.

Table legend:
 A = Turns spent in this place as a percentage of turns spent in the entire game.
 B = Non-inter-level travel turns spent in this place as a percentage of non-inter-level travel turns spent in the entire game.
 C = Inter-level travel turns spent in this place as a percentage of turns spent in this place.
 D = Turns resting spent in this place as a percentage of non-inter-level travel turns spent in this place.
 E = Turns spent auto-exploring this place as a percentage of non-inter-level travel turns spent in this place.
 F = Non-inter-level travel turns spent in this place divided by the number of levels of this place that you've seen.
                   A       B       C       D       E      F
               +-------+-------+-------+-------+-------+----------------------
         Total | 100.0 | 100.0 |   0.0 |  52.2 |  31.5 | 542.0
       Dungeon | 100.0 | 100.0 |   0.0 |  52.2 |  31.5 | 542.0
               +-------+-------+-------+-------+-------+----------------------
